 Dungeon Crawl Stone Soup version 0.30.1-3-gfc49f6343a (webtiles) character file.

Game seed: 18113846234247538305

53 cdecastro the Caller (level 3, 0/24 HPs)
             Began as a Merfolk Summoner on July 27, 2023.
             Succumbed to an adder's poison
             ... on level 2 of the Dungeon on July 28, 2023.
             The game lasted 00:04:25 (1424 turns).

cdecastro the Caller (Merfolk Summoner)             Turns: 1424, Time: 00:04:26

Health: 0/24       AC:  2    Str:  5 (8)  XL:     3   Next: 87%
Magic:  5/6        EV: 12    Int: 13 (16) God:
Gold:   127        SH:  0    Dex: 12 (14) Spells: 3/6 levels left

rFire   + . .        f - +2 short sword (venom)
rCold   + . .        (no shield)
rNeg    . . .        a - +0 robe
rPois   +            (no helmet)
rElec   +            r - scarf {+Inv}
rCorr   +            (no gloves)
SInv    .            (no boots)
Will    .....        (no amulet)
Stlth   ++           (no ring)
HPRegen 0.24/turn    (no ring)
MPRegen 0.10/turn

%: no passive effects
@: lethally poisoned (0 -> -5), resistant
A: (nimble swimmer 2), mertail
a: Evoke Invisibility


You were on level 2 of the Dungeon.
You visited 1 branch of the dungeon, and saw 2 of its levels.

You collected 127 gold pieces.

Inventory:

Hand Weapons
 c - a +0 dagger
 f - a +2 short sword of venom (weapon)
Missiles
 o - 3 poisoned darts
Armour
 a - a +0 robe (worn)
 r - a scarf of invisibility (worn)
Magical Staves
 m - a staff of poison
 p - a staff of fire
Scrolls
 e - a scroll of teleportation {unknown}
 j - 2 scrolls of enchant weapon {unknown}
 k - a scroll of amnesia {unknown}
 n - a scroll of identify {unknown}
 q - a scroll of immolation {unknown}
Potions
 b - a potion of magic
 g - a potion of berserk rage {unknown}
 h - a potion of degeneration
 i - a potion of mutation {unknown}
 l - a potion of curing {unknown}


   Skills:
 - Level 2.6 Dodging
 - Level 2.1 Stealth
 - Level 2.0 Spellcasting
 + Level 5.4 Summonings


You had 3 spell levels left.
You knew the following spells:

 Your Spells              Type           Power      Damage    Failure   Level
a - Summon Small Mammal   Summ           60%        N/A       2%          1
b - Call Imp              Summ           30%        N/A       4%          2

Your spell library contained the following spells:

 Spells                   Type           Power      Damage    Failure   Level
 Call Canine Familiar     Summ           15%        N/A       9%          3
 Summon Guardian Golem    Hex/Summ       8%         N/A       26%         3
 Vhi's Electric Charge    Tloc/Air       2%         N/A       58%         3
 Summon Lightning Spire   Summ/Air       8%         N/A       63%         4
 Arcjolt                  Conj/Air       0%         1d10      100%        5
 Maxwell's Capacitive Co  Air            0%         ∞         100%        8


Dungeon Overview and Level Annotations

Branches:
Dungeon (2/15)

Altars:

Shops:
D:1 (


Innate Abilities, Weirdness & Mutations

((You are very nimble when in or above water. (Stealth+, EV+, Speed+++)))
Your lower body shifts to a powerful aquatic tail in water.


Message History

The bat barely misses you. The adder bites you.
Your rat bites the bat but does no damage.
Unknown command.
The adder attacks as you move away! The adder bites you. The bat hits you.
Your rat bites the adder.
Your rat bites the bat.
The bat closely misses you.
Your rat bites the adder.
The adder attacks as you move away! The adder misses you.
The bat hits you but does no damage. The adder bites you.
You are poisoned.
The adder poisons you!
You feel sick. The bat closely misses you. The bat misses you.
You feel sick.
Your rat closely misses the bat.
You feel sick. The bat closely misses you. The bat hits your rat.
The bat misses you.
Your rat completely misses the bat.
You see here a +0 club.
The adder attacks as you move away! The adder bites you.
* * * LOW HITPOINT WARNING * * *
You feel sick. The bat hits you but does no damage. The adder bites you.
* * * LOW HITPOINT WARNING * * *
You are lethally poisoned!
The adder poisons you!
Your rat barely misses the ball python.
There is an escape hatch in the floor, spattered with blood here.
You hit the adder.
The adder is poisoned.
The adder is heavily wounded.
* * * LOW HITPOINT WARNING * * *
You feel sick. The bat closely misses you. The adder barely misses you.
Your rat bites the ball python.
Unknown command.
It was a potion of degeneration.
There was something very wrong with that liquid.
You feel weakened.
You feel dopey.
You feel clumsy.
* * * LOW HITPOINT WARNING * * *
You feel sick. The bat closely misses you. The adder bites you.
* * * LOW HITPOINT WARNING * * *
The ball python misses you. The ball python closely misses you.
Your rat bites the ball python.
The ball python dies!
It was a potion of resistance.
You feel protected.
You die...

# ###.##### ####.....
#..w....# .....#...
#.......# ####.....
#.......# .....#
#.......# ..####
#...†...# #.# #...r...#
#.## #br)S...# #..#
#..@....# ##.##
####.##### ##..#
##.......## .##.#
##.........##
..#.#######.........<.#
#.........#...........#
####.†###.............#
.# ##(.#####.........##
.# ##.# ##...#...##


You could see an adder (very poisoned), a dart slug, a bat (ally target) and 2
friendly rats.

Vanquished Creatures
  An adder (D:2)
  2 dart slugs (D:1)
  An endoplasm (D:1)
  3 goblins (D:1)
  3 hobgoblins (D:1)
  A quokka (D:1)
  A ball python (D:2)
  2 bats (D:1)
  4 kobolds (D:1)
  2 rats (D:1)
20 creatures vanquished.

Vanquished Creatures (collateral kills)
  2 worms (D:2)
  A bat (D:2)
  An endoplasm (D:2)
  A giant cockroach (D:1)
  2 goblins
  2 quokkas
  3 ball pythons
12 creatures vanquished.

Grand Total: 32 creatures vanquished

Notes
Turn   | Place    | Note
-------+----------+-------------------------------------------
     0 | D:1      | cdecastro the Merfolk Summoner began the quest for the Orb.
     0 | D:1      | Reached XP level 1. HP: 13/13 MP: 3/3
   301 | D:1      | Reached XP level 2. HP: 14/19 MP: 1/5
   304 | D:1      | Learned a level 2 spell: Call Imp
   588 | D:1      | Found Yhurr's Weapon Shoppe.
   764 | D:1      | Reached XP level 3. HP: 18/24 MP: 6/6
   845 | D:1      | Reached skill level 5 in Summonings
  1423 | D:2      | HP: 1/24 [adder (3)]
  1424 | D:2      | Succumbed to an adder's poison

Illustrated notes

Levels and vault maps discovered:
D:1:      minmay_arrival_shoal_huts, layout_loops_ring, serial_shops,
          nicolae_shop_behind_doors, minmay_misc_feat_hallway
D:2:      layout_rooms, basic_altar

Skill      XL: |  1  2  3 |
---------------+----------+-----
Summonings     | 5 |  5.4
Dodging        | |  2.6
Stealth        | |  2.1
Spellcasting   | |  2.0

Action                     || total
---------------------------++-------
  Melee: Dagger            ||     7
         Unarmed           ||     2
         Short sword       ||    49
   Cast: Summon Small Mamm ||    36
    Use: Potion            ||     2
   Stab: Sleeping          ||     1
 Armour: Robe              ||    14
  Dodge: Dodged            ||    55
